Map: Dusty Gorge

Players

ObLiVioN

  • Race: Terran Terran
  • League: Silver
  • Spawn Location: 9:00

ILIEKEGGPIE

  • Race: Protoss Protoss
  • League: Platinum
  • Spawn Location: 11:00

Traian

  • Race: Protoss Protoss
  • League: Silver
  • Spawn Location: 3:00

Dmitiusz

  • Race: Protoss Protoss
  • League: Diamond
  • Spawn Location: 5:00

VOD

Have the link to the VOD?

Description

Time

  • Played on: May 4, 2018, 6:26 a.m.
  • Length: 15:53
Show
View Real Time Build Order
Export as new Build Order

ObLiVioN Terran 

Build Orders: MMM Bio 

Get SALT Encoding   

  12  0:01  SCV  
  13  0:19  Supply Depot  
  13  0:27  SCV  
  14  0:39  SCV  
  14  0:42  Barracks  
  15  0:53  Barracks  
  15  0:54  SCV  
  16  1:09  SCV  
  17  1:14  Supply Depot  
  17  1:16  Refinery  
  17  1:21  Refinery  
  17  1:25  SCV  
  18  1:31  Marine  
  19  1:37  SCV  
  20  1:51  SCV  
  20  1:52  Marine x2  
  23  2:03  SCV  
  24  2:17  Orbital Command  
  24  2:21  Factory  
  24  2:22  Marine  
  25  2:24  Marine  
  26  2:37  Engineering Bay  
  26  2:50  Marine x2  
  28  3:08  Marine x2  
  28  3:09  Factory Tech Lab  
  28  3:10  Supply Depot  
  30  3:13  SCV  
  31  3:21  Missile Turret  
  31  3:31  Starport  
  31  3:39  SCV  
  32  3:45  Marine  
  32  3:46  Barracks Tech Lab  
  33  4:03  Marine  
  33  4:06  Marine  
  35  4:21  Marine  
  36  4:24  Marine  
  37  4:38  Marine  
  37  4:41  Stimpack  
  37  4:42  Marine  
  39  4:47  Sensor Tower  
  39  4:49  Supply Depot  
  39  4:56  Marine  
  39  5:03  Marine  
  39  5:06  Siege Tank  
  31  5:14  Marine  
  31  5:21  Marine  
  31  5:30  Medivac  
  31  5:32  Marine  
  34  5:39  Marine, Siege Tank  
  38  5:50  Marine  
  39  5:57  Marine  
  39  6:01  Barracks, SCV  
  39  6:02  Supply Depot  
  39  6:03  Terran Infantry Weapons Level 1  
  41  6:07  Marine  
  41  6:10  Engineering Bay  
  42  6:15  Marine  
  42  6:17  SCV  
  44  6:22  Armory  
  44  6:25  Marine  
  45  6:33  Marine  
  46  6:43  Marine  
  47  6:48  Siege Tank  
  47  6:49  Sensor Tower  
  47  6:50  Marine  
  47  6:52  Missile Turret  
  51  7:01  Marine  
  50  7:08  Marine  
  50  7:44  Barracks Reactor  
  50  7:50  Missile Turret  
  50  7:52  Barracks Reactor  
  50  7:55  Marine  
  50  7:56  Medivac  
  53  7:59  Combat Shields  
  53  8:01  Terran Infantry Armor Level 1  
  53  8:02  Terran Infantry Weapons Level 2  
  53  8:12  Marine  
  53  8:19  Command Center  
  54  8:26  SCV  
  55  8:32  Refinery  
  55  8:35  Refinery  
  55  8:42  Supply Depot  
  55  8:43  Supply Depot  
  55  8:45  Supply Depot  
  55  9:04  Medivac, Marine  
  58  9:10  Marine x4  
  62  9:22  Marine  
  63  9:28  Marine  
  64  9:31  Marine x2  
  64  9:32  Marine  
  64  9:35  Barracks  
  64  9:38  Barracks  
  67  9:39  Marine  
  68  9:46  Marine  
  68  9:49  Marine x2  
  68  9:51  Missile Turret  
  71  10:05  SCV  
  72  10:12  Sensor Tower  
  72  10:19  Orbital Command  
  72  10:25  SCV  
  73  10:30  Barracks Reactor  
  73  10:33  Terran Infantry Armor Level 2  
  73  10:38  SCV  
  73  10:41  Marine x3  
  77  10:47  Marine  
  77  10:48  Marine x2  
  80  10:58  Marine  
  80  10:59  Marine x2  
  83  11:05  Marine  
  83  11:10  Marine, Supply Depot  
  83  11:11  Supply Depot, Marine x2  
  87  11:20  Barracks  
  87  11:29  Terran Infantry Weapons Level 3  
  87  11:37  Barracks Reactor  
  87  11:46  SCV x2  
  89  11:55  Starport Reactor  
  89  11:58  SCV x2  
  91  12:06  Marine x3  
  91  12:07  Barracks, Marine  
  95  12:09  Marine  
  95  12:10  SCV x2  
  98  12:22  SCV x2  
  100  12:29  Marine x5  
  105  12:30  Marine x5  
  110  12:47  Command Center  
  110  13:04  Barracks Reactor  
  110  13:05  Barracks Reactor, Supply Depot  
  110  13:26  Marine x8, Supply Depot  
  118  13:27  Supply Depot  
  118  13:48  Marine x7, SCV  
  126  13:49  SCV  
  126  13:50  Supply Depot  
  126  13:51  Supply Depot  
  126  13:52  Supply Depot  
  126  13:54  Starport, Supply Depot  
  127  14:01  Missile Turret  
  127  14:05  Medivac  
  127  14:06  Medivac  
  131  14:12  Marine x3  
  131  14:13  Marine x2  
  136  14:19  Orbital Command  
  136  14:35  Medivac  
  136  14:36  Medivac  
  140  14:39  Refinery  
  140  14:41  Marine  
  140  14:42  Refinery, Marine x7  
  140  14:43  Marine  
  149  14:49  Marine x2  
  116  15:31  Marine x2  
  116  15:32  Marine x6  
  116  15:33  Marine x5  
Show
View Real Time Build Order
Export as new Build Order

ILIEKEGGPIE Protoss 

Build Orders:  

Get SALT Encoding   

  12  0:01  Probe  
  13  0:13  Probe  
  14  0:21  Pylon  
  14  0:26  Probe  
  15  0:39  Probe  
  16  0:43  Gateway  
  16  0:50  Assimilator  
  16  0:51  Probe  
  17  1:03  Probe  
  18  1:11  Pylon  
  18  1:15  Probe  
  18  1:17  Assimilator  
  19  1:27  Probe  
  19  1:32  Cybernetics Core  
  20  1:35  Gateway  
  20  1:39  Probe  
  21  1:51  Probe  
  22  1:59  Stalker, Warp Gate  
  22  2:03  Probe  
  23  2:12  Stalker  
  27  2:36  Pylon  
  27  2:38  Stalker  
  29  2:52  Probe  
  30  3:03  Stalker  
  31  3:28  Stalker  
  33  3:52  Pylon  
  33  3:53  Stalker  
  35  4:06  Stargate  
  33  4:22  Shield Battery  
  33  4:27  Shield Battery  
  33  4:29  Shield Battery  
  31  4:51  Stalker x2  
  35  4:58  Gateway  
  29  5:18  Probe  
  33  5:27  Pylon  
  23  5:49  Gateway  
  23  5:51  Gateway  
  23  5:52  Robotics Facility  
  23  5:54  Gateway  
  23  5:55  Sentry x2  
  27  5:59  Gateway  
  27  6:09  Forge  
  27  6:14  Pylon  
  27  6:23  Stalker x2  
  31  6:29  Immortal  
  34  6:51  Photon Cannon  
  34  6:57  Stalker x4  
  34  6:58  Stalker  
  44  7:01  Observer  
  45  7:35  Observer  
  46  8:04  Cybernetics Core  
  46  8:16  Nexus  
  46  8:25  Probe  
  47  8:33  Robotics Bay  
  47  8:57  Pylon  
  47  8:59  Pylon  
  47  9:05  Immortal  
  47  9:15  Pylon, Probe  
  52  9:27  Probe  
  53  9:31  Protoss Ground Weapons Level 1  
  53  9:39  Probe  
  53  9:43  Colossus  
  60  9:46  Extended Thermal Lance  
  60  9:51  Probe  
  61  9:57  Probe  
  61  10:03  Probe  
  61  10:05  Probe  
  64  10:15  Probe x2  
  64  10:18  Assimilator  
  64  10:20  Assimilator  
  66  10:27  Probe x2  
  68  10:39  Probe x2  
  68  10:41  Twilight Council  
  70  10:43  Colossus  
  76  10:51  Probe x2  
  78  11:13  Nexus  
  78  11:35  Templar Archives  
  78  11:37  Pylon  
  78  11:38  Probe x2  
  78  11:39  Protoss Ground Weapons Level 2  
  80  11:49  Forge  
  80  11:50  Probe x2  
  82  12:01  Observer Gravitic Boosters  
  82  12:02  Probe x2  
  82  12:08  Immortal  
  84  12:14  Probe x2  
  86  12:21  Probe  
  90  12:26  Probe  
  90  12:27  Probe  
  93  12:30  Robotics Facility, Charge, Probe  
  93  12:31  Pylon  
  93  12:34  Pylon  
  94  12:38  Probe  
  94  12:39  Probe x2  
  97  12:46  High Templar x2  
  97  12:51  Probe x3  
  103  12:53  Archon  
  103  12:55  Assimilator  
  104  13:00  Assimilator  
  104  13:03  Probe  
  105  13:18  Immortal x2  
  113  13:23  Gateway  
  113  13:25  Gateway  
  113  13:31  High Templar x2  
  113  13:32  Zealot x2  
  121  13:36  Pylon  
  121  13:39  Protoss Ground Armor Level 1  
  121  13:40  Pylon  
  121  13:43  Pylon  
  121  14:08  Archon  
  121  14:09  Zealot x4  
  129  14:10  High Templar x2  
  129  14:12  Immortal, Nexus  
  129  14:16  Archon, Pylon x2  
  133  14:22  Immortal  
  141  14:28  Pylon  
  141  14:51  Gateway  
  141  14:56  Gateway, Pylon  
  141  14:57  Pylon  
  141  14:59  Pylon  
  140  15:08  Zealot x5  
  80  15:32  Zealot x4  
Show
View Real Time Build Order
Export as new Build Order

Traian Protoss 

Build Orders: Dark Templar Rush 

Get SALT Encoding   

  12  0:16  Pylon  
  12  0:28  Probe  
  13  0:36  Gateway  
  13  0:40  Probe  
  14  0:42  Assimilator  
  14  0:48  Probe  
  14  0:51  Assimilator  
  15  1:05  Probe  
  16  1:13  Probe  
  17  1:25  Cybernetics Core  
  17  1:27  Probe  
  18  1:39  Probe  
  19  1:51  Probe  
  20  1:59  Gateway  
  20  2:03  Probe  
  21  2:13  Twilight Council  
  22  2:15  Probe  
  22  2:20  Pylon  
  22  2:27  Probe  
  23  2:33  Gateway  
  23  2:40  Pylon  
  23  2:57  Dark Shrine  
  23  3:17  Nexus  
  27  3:47  Pylon  
  26  4:00  Forge  
  26  4:05  Pylon  
  26  4:06  Pylon  
  26  4:09  Pylon  
  26  4:10  Zealot  
  26  4:14  Zealot  
  26  4:25  Dark Templar  
  28  4:32  Probe  
  28  4:36  Probe  
  29  4:40  Probe  
  29  4:44  Probe  
  31  4:49  Dark Templar  
  34  4:54  Probe  
  34  4:56  Charge  
  35  5:04  Dark Templar  
  35  5:06  Probe  
  32  5:14  Dark Templar  
  34  5:28  Gateway  
  34  5:31  Probe  
  34  5:33  Dark Templar  
  37  5:40  Probe  
  37  5:43  Dark Templar  
  37  5:49  Probe  
  40  5:56  Pylon  
  41  5:58  Dark Templar  
  43  6:15  Stargate  
  43  6:16  Dark Templar  
  45  6:20  Probe  
  46  6:26  Assimilator x2  
  46  6:32  Probe  
  47  6:38  Dark Templar  
  49  6:40  Zealot  
  49  6:44  Probe  
  52  6:53  Robotics Facility  
  52  6:56  Probe  
  53  7:08  Probe  
  48  7:27  Dark Templar x2  
  44  7:31  Probe  
  45  7:43  Probe  
  46  7:45  Observer  
  46  7:50  Nexus, Dark Templar  
  49  7:52  Zealot  
  49  7:54  Probe  
  48  8:02  Probe  
  48  8:06  Zealot x2  
  48  8:10  Probe  
  48  8:12  Phoenix  
  55  8:19  Zealot  
  58  8:22  Probe  
  59  8:29  Dark Templar  
  59  8:33  Zealot  
  59  8:34  Probe, Dark Templar  
  66  8:43  Probe  
  67  8:51  Gateway, Probe  
  67  8:53  Gateway  
  67  8:55  Dark Templar  
  70  8:58  Probe  
  70  9:00  Probe  
  70  9:01  Dark Templar  
  73  9:06  Probe  
  73  9:08  Assimilator  
  73  9:09  Dark Templar  
  76  9:16  Probe  
  77  9:19  Protoss Ground Weapons Level 1  
  78  9:28  Stargate, Probe  
  78  9:31  Assimilator  
  79  9:39  Stalker, Nexus  
  79  9:40  Probe  
  79  9:42  Zealot  
  84  9:52  Probe  
  85  10:03  Pylon  
  85  10:04  Pylon, Probe  
  85  10:06  Pylon  
  88  10:07  Dark Templar  
  88  10:08  Pylon  
  88  10:14  Void Ray  
  88  10:16  Probe  
  88  10:18  Protoss Air Weapons Level 1  
  93  10:25  Probe  
  93  10:33  Probe  
  94  10:40  Dark Templar x3  
  94  10:42  Dark Templar  
  103  10:43  Probe  
  104  10:51  Probe  
  104  10:52  Pylon  
  104  10:55  Probe, Pylon  
  106  10:59  Probe  
  107  11:06  Void Ray  
  107  11:07  Probe  
  107  11:09  Probe  
  112  11:13  Protoss Ground Armor Level 1  
  112  11:14  Observer  
  112  11:17  Stalker  
  116  11:19  Probe  
  116  11:20  Phoenix  
  116  11:21  Probe  
  120  11:28  Dark Templar  
  120  11:31  Probe  
  123  11:33  Probe  
  124  11:45  Probe  
  124  11:46  Assimilator x2  
  125  11:48  Stargate  
  125  11:49  Dark Templar  
  125  11:50  Stalker  
  125  11:51  Stargate  
  129  11:56  Probe  
  130  12:04  Probe  
  130  12:12  Protoss Air Armor Level 1  
  130  12:13  Probe  
  131  12:17  Dark Templar x2  
  131  12:18  Zealot x2  
  131  12:20  Zealot  
  142  12:23  Blink  
  142  12:24  Probe  
  142  12:28  Phoenix, Zealot  
  147  12:36  Probe  
  148  12:45  Zealot  
  148  12:48  Probe  
  148  12:50  Nexus  
  151  12:53  Assimilator  
  151  12:56  Phoenix x2  
  151  12:57  Assimilator  
  155  13:00  Probe  
  155  13:04  Pylon  
  156  13:07  Protoss Shields Level 1, Pylon  
  156  13:09  Pylon  
  156  13:10  Pylon  
  156  13:13  Pylon  
  156  13:18  Probe  
  156  13:22  Phoenix x2, Dark Templar  
  156  13:25  Dark Templar x3  
  169  13:27  Probe  
  169  13:28  Observer  
  171  13:37  Pylon  
  171  13:39  Probe  
  172  13:49  Fleet Beacon, Immortal  
  172  13:52  Probe  
  177  14:02  Phoenix  
  179  14:03  Phoenix, Void Ray  
  179  14:04  Phoenix, Probe, Forge  
  179  14:06  Forge  
  179  14:07  Dark Templar x3  
  179  14:09  Dark Templar  
  196  14:27  Dark Templar x2  
Show
View Real Time Build Order
Export as new Build Order

Dmitiusz Protoss 

Build Orders:  

Get SALT Encoding   

  12  0:02  Probe  
  14  0:14  Probe  
  14  0:24  Pylon  
  14  0:26  Probe  
  15  0:38  Probe  
  16  0:43  Gateway  
  16  0:46  Probe  
  16  0:47  Assimilator  
  16  0:56  Probe  
  18  1:08  Probe  
  19  1:16  Gateway  
  19  1:18  Assimilator  
  19  1:20  Probe  
  20  1:32  Cybernetics Core  
  20  1:36  Pylon  
  20  1:40  Probe  
  21  2:00  Adept x2  
  21  2:02  Warp Gate  
  25  2:20  Gateway  
  25  2:25  Gateway  
  25  2:30  Pylon  
  25  2:39  Probe  
  26  3:02  Stalker x2  
  30  3:19  Stalker x2  
  34  3:28  Pylon  
  34  3:29  Pylon  
  30  4:14  Stalker  
  30  4:15  Stalker x3  
  38  4:45  Zealot  
  40  4:46  Zealot x3  
  46  4:57  Twilight Council  
  46  4:59  Pylon  
  42  5:16  Blink  
  42  5:43  Stalker x2  
  42  5:44  Stalker x2  
  50  6:01  Nexus  
  50  6:13  Probe  
  51  6:27  Zealot x4  
  59  6:33  Probe  
  60  6:43  Pylon  
  60  6:51  Pylon  
  60  6:57  Charge  
  44  7:17  Zealot x4  
  44  7:20  Probe  
  53  7:24  Probe  
  54  7:32  Probe  
  54  7:36  Probe  
  56  7:38  Stalker  
  56  7:40  Stalker  
  56  7:41  Probe  
  60  7:48  Probe  
  60  7:49  Probe  
  63  8:00  Zealot x2, Probe  
  68  8:11  Probe  
  68  8:12  Probe  
  70  8:23  Probe  
  70  8:24  Probe  
  72  8:28  Zealot x3  
  72  8:29  Zealot  
  80  8:35  Probe  
  80  8:36  Probe  
  78  9:03  Robotics Facility, Assimilator  
  78  9:06  Robotics Facility  
  78  9:07  Assimilator  
  78  9:08  Pylon  
  78  9:09  Pylon  
  78  9:57  Probe  
  78  9:59  Probe  
  80  10:03  Nexus  
  80  10:05  Assimilator  
  80  10:09  Probe  
  80  10:10  Assimilator  
  80  10:11  Probe, Robotics Bay  
  82  10:14  Pylon  
  82  10:16  Pylon x2  
  82  10:17  Pylon  
  82  10:19  Forge  
  82  10:21  Probe  
  82  10:23  Probe  
  84  10:33  Probe  
  85  10:36  Protoss Ground Weapons Level 1  
  85  10:52  Stalker  
  85  10:53  Stalker x3  
  93  10:59  Extended Thermal Lance  
  93  11:00  Colossus  
  93  11:01  Colossus  
  104  11:17  Probe  
  105  11:19  Probe  
  105  11:20  Probe  
  107  11:29  Probe  
  107  11:31  Probe  
  107  11:32  Probe  
  110  11:41  Probe  
  110  11:43  Probe  
  110  11:44  Colossus, Probe  
  110  11:45  Colossus  
  125  12:02  Pylon  
  125  12:05  Pylon  
  125  12:08  Pylon  
  125  12:09  Pylon  
  125  12:11  Pylon  
  125  12:13  Probe  
  125  12:15  Probe  
  127  12:24  Templar Archives  
  127  12:25  Probe  
  127  12:27  Probe  
  129  12:32  Gateway  
  129  12:33  Gateway, Protoss Ground Armor Level 1  
  129  12:34  Gateway  
  129  12:37  Gateway, Probe  
  129  12:38  Colossus  
  136  12:45  Psionic Storm  
  136  12:46  Colossus  
  142  13:03  High Templar x4  
  150  13:33  Observer  
  151  13:40  Observer  
  152  13:43  High Templar x5  
  152  13:44  High Templar  
  164  13:53  Colossus  
  170  14:01  Colossus, Pylon x2  
  176  14:03  Pylon  
  176  14:25  Stalker x4  
  176  14:26  Stalker x3  
  176  14:28  Stalker  
Tags
 
Add a new tag
Caveats
  • Supply blocks, unpowered buildings, or Contaminate may cause inaccurate times.
  • Supply counts are checked every 10 seconds.